cohdb
Replays
Latest Replays
All Replays
Popular Replays
Top Player Replays
Match Explorer
How It Works
Community
CoH3 Stats
Reddit
Sign in to upload your games and track your stats! →
Sign in with Steam
Match 25335654
Unlisted
Match 25335654
Overview
Messages
Build Orders
End
Construct Infanterie Kompanie
Sniper
MG 42 Machine Gun Team
Grenadier Squad
Grenadier Squad
Medical Station
Construct Panzergrenadier Kompanie
Selects Mechanized Battlegroup
Selects Raid Package
Sniper
Selects StuG Assault Group
StuG Assault Group
Pak 40 Anti-tank Gun Team
Pak 40 Anti-tank Gun Team
Selects Spotting Scopes
StuG Assault Group
Selects Wespe Self-propelled Artillery
Wespe Self-propelled Artillery
Wespe Self-propelled Artillery
Wespe Self-propelled Artillery
Grenadier Squad
Pioneer Squad
Selects Panther Heavy Tank
Panther Heavy Tank
Grenadier Squad
Grenadier Squad
Selects Zeroing Artillery Barrage
Zeroing Artillery Barrage
Bomir10
Váng
Doom&Gloom
Jonatanga
Eber
PAUG.S®
0
0
Comments
sign in to comment!
No comments posted yet!